 Dungeon Crawl Stone Soup version 0.30-a0-782-ge64f9170bb (webtiles) character file.

Game seed: 5222580550617692606

13 mopl the Vexing (level 2, 15/15 HPs)
             Began as a Deep Elf Enchanter on Mar 14, 2023.
             Was an Initiate of Trog (penitent).
             Got out of the dungeon alive.
             The game lasted 00:01:16 (497 turns).

mopl the Vexing (Deep Elf Enchanter)                 Turns: 497, Time: 00:01:17

Health: 15/15      AC:  2    Str:  5    XL:     2   Next: 24%
Magic:  8/8        EV: 12    Int: 19    God:    Trog [......]
Gold:   39         SH:  0    Dex: 15    Spells: 5/7 levels left

rFire   . . .      SeeInvis .    a - +1 dagger
rCold   . . .      Faith    .    (no shield)
rNeg    . . .      Spirit   .    b - +0 robe
rPois   .          Reflect  .    (no helmet)
rElec   .          Harm     .    (no cloak)
rCorr   .          Rampage  .    (no gloves)
Will    .....                    (no boots)
Stlth   +++                      (no amulet)
HPRegen 0.22/turn                (no ring)
MPRegen 0.11/turn                (no ring)

@: no status effects
A: no striking features
a: Renounce Religion


You escaped.
You worshipped Trog.
Trog was demanding penance.
You visited 1 branch of the dungeon, and saw 1 of its levels.

You collected 39 gold pieces.

Inventory:

Hand Weapons
 a - a +1 dagger (weapon)
Armour
 b - a +0 robe (worn)
Jewellery
 h - an amulet of faith {!P}
Scrolls
 f - a scroll of immolation {unknown}
 g - a scroll of fog {unknown}
 i - a scroll of teleportation {unknown}
Potions
 c - 2 potions of invisibility
 d - a potion of degeneration {unknown}
 e - a potion of curing {unknown}
 j - a potion of attraction {unknown}


   Skills:
 + Level 1.4 Short Blades
 - Level 2.4 Dodging
 + Level 3.9 Stealth
 - Level 3.2 Spellcasting
 - Level 4.2 Hexes


You had 5 spell levels left.
You knew the following spells:

 Your Spells              Type           Power      Damage    Failure   Level
b - Ensorcelled Hibernat  Hex/Ice        22%        N/A       10%         2

Your spell library contained the following spells:

 Spells                   Type           Power      Damage    Failure   Level
 Confusing Touch          Hex            19%        N/A       8%          3
 Tukima's Dance           Hex            19%        N/A       8%          3
 Dazzling Flash           Conj/Hex       22%        N/A       19%         3


Dungeon Overview and Level Annotations

Branches:
Dungeon (1/15)

Altars:
Trog

Shops:
D:1 (


Message History

"You will pay for your transgression, mortal!"
The hobgoblin shouts!
The hobgoblin hits you.
You barely miss the hobgoblin. The hobgoblin barely misses you.
You hit the hobgoblin.
The hobgoblin is moderately wounded.
The hobgoblin hits you.
You hit the hobgoblin but do no damage.
The hobgoblin is moderately wounded.
The hobgoblin closely misses you.
You hit the hobgoblin.
The hobgoblin is almost dead.
The hobgoblin barely misses you.
You hit the hobgoblin.
You kill the hobgoblin!
Trog accepts your kill.
You now have 39 gold pieces (gained 11).
You see here a hobgoblin corpse.
(D) Dungeon
Where to? (Enter - D:1 @ (x,y), ? - help)
A ball python comes into view.
The ball python moves out of view.
(D) Dungeon
Where to? (Enter - D:1 @ (x,y), ? - help)
You enter the shallow water.
Moving in this stuff is going to be slow.
Why would you want to do that? Why would you want to do that?
Why would you want to do that? Why would you want to do that?
Why would you want to do that? Why would you want to do that?
Why would you want to do that? Why would you want to do that?
Why would you want to do that? Why would you want to do that?
Why would you want to do that?
There is a staircase leading out of the dungeon here.
Are you sure you want to leave the Dungeon?
This will make you lose the game!
You have escaped!

##### ##.@.##
#.....## #.#8~8#.# #
#≈≈≈#.#
#8≈8#.############# #
#≈≈≈#.#....##.....#
#.#8~8#.#............
#.....##............
###.####............


There were no monsters in sight!

Vanquished Creatures
  4 endoplasms (D:1)
  2 hobgoblins (D:1)
  A quokka (D:1)
  A bat (D:1)
  A frilled lizard (D:1)
  A kobold (D:1)
  2 rats (D:1)
12 creatures vanquished.

Vanquished Creatures (others)
  3 fungi (D:1)
  2 plants (D:1)
5 creatures vanquished.

Grand Total: 17 creatures vanquished

Notes
Turn   | Place    | Note
-------+----------+-------------------------------------------
     0 | D:1      | mopl the Deep Elf Enchanter began the quest for the Orb.
     0 | D:1      | Reached XP level 1. HP: 10/10 MP: 6/6
   221 | D:1      | Found Aczean's Weapon Shoppe.
   233 | D:1      | Reached XP level 2. HP: 5/15 MP: 8/8
   281 | D:1      | Learned a level 2 spell: Ensorcelled Hibernation
   381 | D:1      | Found a faded altar of an unknown god.
   390 | D:1      | Prayed at the altar of an unknown god.
   390 | D:1      | Became a worshipper of Trog the Wrathful
   390 | D:1      | Reached * piety under Trog
   441 | D:1      | Was placed under penance by Trog
   497 | D:$      | Got out of the dungeon alive.

Illustrated notes

Levels and vault maps discovered:
D:1:      lightli_arrival_statue_moat, layout_rooms, serial_shops,
          nicolae_shop_advertising_works [nicolae_subvault_shop_adworks],
          shapermc_ecumenical_altar_mp_ritualfount

Action                     || total
---------------------------++-------
  Melee: Dagger            ||    49
   Cast: Ensorcelled Hiber ||     2
   Stab: Sleeping          ||     3
 Armour: Robe              ||    10
  Dodge: Dodged            ||    25

Table legend: (Time is in decaauts)
 A = Elapsed time spent in this place.
 B = Non-inter-level travel time spent in this place.
 C = Inter-level travel time spent in this place.
 D = Time resting spent in this place.
 E = Time spent auto-exploring this place.
 F = Levels seen in this place.
 G = Mean time per level.
                   A        B        C        D        E       F      G
               +--------+--------+--------+--------+--------+-----+--------+
         Total |    495 |    438 |     57 |    145 |    139 |   1 |  495.0 |
       Dungeon |    495 |    438 |     57 |    145 |    139 |   1 |  495.0 |
               +--------+--------+--------+--------+--------+-----+--------+

Top non-repeatable levels by time:
     D:1: 495 daAuts
